 Dungeon Sprint DCSS version 0.21-a0-274-gc1afaeb (webtiles) character file.

40645 Kidiri the Eclecticist (level 13, -8/78 (80) HPs)
             Began as a Deep Elf Fire Elementalist on Sept 18, 2017.
             Was the Champion of Vehumet.
             Engulfed by a death drake's foul pestilence (16 damage)
             ... in the Dungeon (Sprint III: "The Ten Rune Challenge").
             The game lasted 00:22:24 (4171 turns).

Kidiri the Eclecticist (Deep Elf Fire Elementalist) Turns: 4171, Time: 00:22:25

HP:   -8/78 (80)    AC:  2    Str:  5    XL:     13   Next: 5%
MP:   17/39         EV: 21    Int: 26    God:    Vehumet [******]
Gold: 96            SH:  0    Dex: 15    Spells: 9/53 levels left

rFire    + . .     SeeInvis .   k - +0 dagger
rCold    x . .     Gourm    .   (no shield)
rNeg     . . .     Faith    .   a - +0 robe
rPois    +         Spirit   .   x - +0 hat
rElec    .         Reflect  .   (no cloak)
rCorr    .         Harm     .   (no gloves)
MR       +....     NoTele   +   (no boots)
Stlth    ++........             (no amulet)
HPRegen  0.00/turn              t - ring of fire
MPRegen  0.26/turn              (no ring)

@: non-regenerating, badly diseased, slowed, very slow
A: claws 1, poison resistance, wild magic 1, sturdy frame 1
}: 1/10 runes: barnacled
a: Renounce Religion


You were in the Dungeon.
You worshipped Vehumet.
Vehumet was exalted by your worship.
You were hungry.

You visited 1 branch You collected 96 gold pieces.

Inventory:

Hand Weapons
 k - a +0 dagger (weapon)
Armour
 a - a +0 robe (worn)
 x - a +0 hat (worn)
Magical Staves
 D - an uncursed staff of fire
Jewellery
 t - a ring of fire (left claw)
Scrolls
 i - a scroll of blinking
 j - 2 scrolls of immolation {unknown}
 l - 4 scrolls of identify {unknown}
 m - a scroll of fear {unknown}
 q - a scroll of torment {unknown}
 r - a scroll of fog {unknown}
 s - 2 scrolls of remove curse
 u - a scroll of recharging {unknown}
 z - a scroll of magic mapping {unknown}
Potions
 b - a potion of heal wounds
 d - a potion of curing
 e - a potion of mutation
 f - a potion of haste
 g - a potion of magic
 h - a potion of berserk rage
 o - 2 potions of ambrosia {unknown}
 p - 3 potions of flight
 w - a potion of brilliance {unknown}
 A - a potion of might
Comestibles
 c - 2 bread rations
 n - 23 royal jellies
 v - a chunk of flesh
 B - 6 fruits


   Skills:
 + Level 9.4 Fighting
 + Level 11.1 Short Blades
 + Level 9.5 Armour
 + Level 13.1 Dodging
 - Level 2.4 Stealth
 * Level 20.6 Spellcasting
 + Level 13.1 Conjurations
 + Level 13.4 Fire Magic
 + Level 10.0 Ice Magic
 + Level 5.0 Air Magic
 + Level 9.5 Earth Magic


You had 9 spell levels left.
You knew the following spells:

 Your Spells              Type           Power        Failure   Level  Hunger
a - Flame Tongue          Conj/Fire      #####        1%          1    None
b - Throw Flame           Conj/Fire      ######       1%          2    None
c - Conjure Flame         Conj/Fire      ########     1%          3    None
d - Inner Flame           Hex/Fire       #######.     1%          3    None
e - Sticky Flame          Conj/Fire      ########     1%          4    None
f - Fireball              Conj/Fire      ########..   1%          5    None
g - Bolt of Magma         Conj/Fire/Erth ########..   1%          5    None
h - Bolt of Fire          Conj/Fire      ########..   1%          6    #......
i - Throw Icicle          Conj/Ice       #######.     1%          4    None
j - Freezing Cloud        Conj/Ice/Air   #######...   2%          6    #......
k - Stone Arrow           Conj/Erth      ######       1%          3    None
l - Searing Ray           Conj           ######       1%          2    None


Dungeon Overview and Level Annotations

Branches:
Dungeon (1/1)

Altars:
Cheibriados
Dithmenos
Elyvilon
Fedhas
Gozag
Hepliaklqana
Kikubaaqudgha
Makhleb
Nemelex Xobeh
Okawaru
Qazlal
Ru
Sif Muna
Trog
Uskayaw
Vehumet
Wu Jian
Xom
Yredelemnul
Zin
The Shining One
Beogh
Jiyva
Lugonu

Shops:
D !(}

Annotations:
D exclusion: 4 doors


Innate Abilities, Weirdness & Mutations

You have sharp fingernails.
Your system is resistant to poisons. (rPois)
Your spells are a little harder to cast, but a little more powerful.
Your movements are slightly less encumbered by armour. (ER -2)


Message History

The death drake bites you.
* * * LOW HITPOINT WARNING * * *
Unknown command.
The death drake breathes miasma at you. The foul vapour misses you.
Unknown command.
You are engulfed in dark miasma.
* * * LOW HITPOINT WARNING * * *
The death drake breathes miasma at you. The foul vapour misses you.
Unknown command.
The death drake breathes miasma at you. The foul vapour engulfs you!
You feel your flesh rotting away!
* * * LOW HITPOINT WARNING * * *
Unknown command.
You are engulfed in dark miasma.
You feel your flesh rotting away!
You feel ill.
You die...

≈♣
###'♣♣♣♣♣♣♣♣♣♣♣♣♣♣♣..#
###♣
♣♣♣♣.##..##≈≈≈≈≈≈..#..#
...♣♣
♣...##.##.#≈≈≈≈≈§..#).#
###+♣
♣♣.##.##(##'≈≈≈≈§####+#
....♣
♣..#.##...#≈≈...§§§§§#
#####♣♣
♣♣.##.##.)#≈§(+#######
....PP♣
♣♣.##.#####§§.#....))#
.((..P♣
♣.....##§§§§..#♣♣♣._)#
##+#############@######
#####
▓≈≈≈≈≈≈≈≈≈≈≈≈▓#§♣♣
▓≈≈≈≈≈≈≈≈≈≈≈≈▓#♣k♣
▓≈≈≈..≈≈≈≈≈..▓ ♣§♣♣
▓≈≈....≈≈≈...▓ ♣♣.♣
▓≈≈≈).≈≈≈≈≈..▓ ♣.♣♣
▓≈≈≈≈≈≈≈≈≈≈..▓ ♣.♣
▓≈≈≈≈≈≈≈≈≈≈≈.▓ ♣..♣
▓..≈≈≈≈≈≈≈≈≈≈▓ ♣♣.♣


You could see a death drake.

Vanquished Creatures
  Rupert (D)
  Polyphemus (D)
  Gastronok (D)
  Ilsuiw (D)
  2 dire elephants (D)
  A merfolk javelineer (D)
  2 hydras (D)
  Erica (D)
  A centaur warrior (D)
  4 death yaks (D)
  Urug (D)
  2 death drakes (D)
  An unseen horror (D)
  A sea snake (D)
  A spriggan druid (D)
  A lindwurm (D)
  A deep elf mage (D)
  2 elephants (D)
  2 black mambas (D)
  2 spiny frogs (D)
  A komodo dragon (D)
  A rime drake (D)
  A queen bee (D)
  3 wandering mushrooms (D)
  2 tyrant leeches (D)
  3 dream sheep (D)
  8 blink frogs (D)
  3 redbacks (D)
  A shadow (D)
  2 spriggans (D)
  A spatial vortex (D)
  3 hydra simulacra (D)
  A swamp drake (D)
  A necrophage (D)
  2 centaurs (D)
  An earth elemental (D)
  A water elemental (D)
  32 killer bees (D)
  An electric eel (D)
  A jelly (D)
  Jessica (D)
  A necromancer (D)
  A wizard (D)
  A polar bear simulacrum (D)
  3 humans (D)
  A kobold demonologist (D)
  A wolf (D)
  An ooze (D)
  2 rats (D)
  8 plants (D)
118 creatures vanquished.

Vanquished Creatures (others)
  2 draconian scorchers (D)
  3 yaktaurs (D)
  6 hellions (D)
  3 plants (D)
14 creatures vanquished.

Grand Total: 132 creatures vanquished

Notes
Turn   | Place    | Note
-------+----------+-------------------------------------------
     0 | D        | Kidiri the Deep Elf Fire Elementalist began the quest for the Orb.
     0 | D        | Reached XP level 1. HP: 10/10 MP: 6/6
     9 | D        | Reached skill level 4 in Spellcasting
    75 | D        | Killed a hellion
    76 | D        | Killed a hellion
    87 | D        | Noticed Jessica
    91 | D        | Killed Jessica
    91 | D        | Reached skill level 6 in Spellcasting
    91 | D        | Reached XP level 2. HP: 15/15 MP: 6/11
    91 | D        | Reached XP level 3. HP: 19/19 MP: 7/13
    95 | D        | Learned a level 2 spell: Throw Flame
    99 | D        | Learned a level 3 spell: Conjure Flame
   103 | D        | Learned a level 3 spell: Inner Flame
   113 | D        | Killed a hellion
   152 | D        | Reached skill level 7 in Spellcasting
   155 | D        | Killed a hellion
   158 | D        | Killed a white draconian scorcher
   227 | D        | Killed a hellion
   256 | D        | Killed a white draconian scorcher
   370 | D        | Reached skill level 5 in Fire Magic
   384 | D        | Killed a yaktaur
   386 | D        | Gained mutation: You have sharp fingernails. [potion of mutation]
   386 | D        | Gained mutation: Your system is resistant to poisons. (rPois) [potion of mutation]
   386 | D        | Gained mutation: Your movements are slightly less encumbered by armour. (ER -2) [potion of mutation]
   386 | D        | Gained mutation: Your spells are a little harder to cast, but a little more powerful. [potion of mutation]
   391 | D        | Killed a hellion
   513 | D        | Noticed a water elemental
   517 | D        | Killed a water elemental
   517 | D        | Reached skill level 9 in Spellcasting
   517 | D        | Reached skill level 5 in Conjurations
   517 | D        | Reached XP level 4. HP: 24/24 MP: 10/17
   524 | D        | Learned a level 4 spell: Sticky Flame
   561 | D        | Found a radiant altar of Vehumet.
   562 | D        | Found a deep blue altar of Sif Muna.
   562 | D        | Found an ancient bone altar of Kikubaaqudgha.
   562 | D        | Noticed a wizard
   564 | D        | Killed a wizard
   564 | D        | Reached XP level 5. HP: 26/28 MP: 10/19
   566 | D        | Reached skill level 10 in Spellcasting
   582 | D        | Learned a level 5 spell: Fireball
   597 | D        | Became a worshipper of Vehumet
   632 | D        | Found a glowing silver altar of Zin.
   633 | D        | Found a glowing golden altar of the Shining One.
   633 | D        | Found a white marble altar of Elyvilon.
   633 | D        | Noticed a deep elf mage
   645 | D        | Killed a deep elf mage
   645 | D        | Reached skill level 5 in Dodging
   645 | D        | Reached skill level 12 in Spellcasting
   645 | D        | Reached XP level 6. HP: 29/37 MP: 12/23
   645 | D        | Reached XP level 7. HP: 33/41 MP: 12/24
   708 | D        | Found an ornate altar of the Wu Jian Council.
   708 | D        | Found a roughly hewn altar of Beogh.
   708 | D        | Found an iron altar of Okawaru.
   708 | D        | Found a bloodstained altar of Trog.
   708 | D        | Found a hide-covered altar of Uskayaw.
   708 | D        | Noticed a human
   708 | D        | Noticed a human
   713 | D        | Killed a human
   721 | D        | Killed a human
   721 | D        | Reached * piety under Vehumet
   721 | D        | Offered knowledge of Sandblast by Vehumet.
   721 | D        | Reached skill level 13 in Spellcasting
   799 | D        | Found a basalt altar of Yredelemnul.
   799 | D        | Found a shadowy altar of Dithmenos.
   799 | D        | Found a sacrificial altar of Ru.
   949 | D        | Noticed a shadow
   949 | D        | Killed a shadow
   949 | D        | Reached ** piety under Vehumet
   949 | D        | Offered knowledge of Magic Dart by Vehumet.
   949 | D        | Reached XP level 8. HP: 48/48 MP: 15/27
   949 | D        | Reached skill level 5 in Short Blades
   961 | D        | Found a blossoming altar of Fedhas.
   961 | D        | Found a stormy altar of Qazlal.
   961 | D        | Found a snail-covered altar of Cheibriados.
   961 | D        | Found a burning altar of Makhleb.
   961 | D        | Found a shimmering altar of Xom.
  1005 | D        | Found a hazy altar of Hepliaklqana.
  1005 | D        | Found an opulent altar of Gozag.
  1005 | D        | Found a sparkling altar of Nemelex Xobeh.
  1005 | D        | Found a corrupted altar of Lugonu.
  1005 | D        | Found a viscous altar of Jiyva.
  1142 | D        | Noticed Erica
  1145 | D        | Killed Erica
  1145 | D        | Offered knowledge of Searing Ray by Vehumet.
  1145 | D        | Reached skill level 14 in Spellcasting
  1157 | D        | Learned a level 2 spell: Searing Ray
  1229 | D        | Killed a yaktaur
  1255 | D        | Reached *** piety under Vehumet
  1255 | D        | Reached skill level 5 in Fighting
  1255 | D        | Reached skill level 5 in Armour
  1255 | D        | Reached XP level 9. HP: 19/54 MP: 24/29
  1448 | D        | Noticed a centaur warrior
  1449 | D        | Offered knowledge of Throw Icicle by Vehumet.
  1450 | D        | Killed a centaur warrior
  1450 | D        | Reached **** piety under Vehumet
  1450 | D        | Reached skill level 15 in Spellcasting
  1450 | D        | Reached skill level 10 in Fire Magic
  1506 | D        | Learned a level 4 spell: Throw Icicle
  1517 | D        | Noticed an unseen horror
  1521 | D        | Killed an unseen horror
  1521 | D        | Offered knowledge of Stone Arrow by Vehumet.
  1521 | D        | Reached skill level 1 in Ice Magic
  1526 | D        | Learned a level 3 spell: Stone Arrow
  1684 | D        | Noticed a queen bee
  1690 | D        | Reached ***** piety under Vehumet
  1690 | D        | Offered knowledge of Bolt of Magma by Vehumet.
  1694 | D        | Reached skill level 1 in Earth Magic
  1736 | D        | Killed a queen bee
  1736 | D        | Reached skill level 16 in Spellcasting
  1738 | D        | Reached XP level 10. HP: 36/60 MP: 4/32
  1741 | D        | Reached skill level 10 in Conjurations
  1751 | D        | Reached ****** piety under Vehumet
  1916 | D        | Learned a level 5 spell: Bolt of Magma
  1964 | D        | Offered knowledge of Ozocubu's Refrigeration by Vehumet.
  2071 | D        | Found the +10 dark maul {crush}
  2185 | D        | Noticed a spiny frog
  2185 | D        | Noticed a spiny frog
  2186 | D        | Killed a spiny frog
  2186 | D        | Reached skill level 10 in Dodging
  2186 | D        | Killed a spiny frog
  2186 | D        | Reached skill level 17 in Spellcasting
  2186 | D        | Reached skill level 5 in Ice Magic
  2189 | D        | Offered knowledge of Bolt of Fire by Vehumet.
  2197 | D        | Learned a level 6 spell: Bolt of Fire
  2592 | D        | Noticed a lindwurm
  2595 | D        | Killed a lindwurm
  2595 | D        | Reached skill level 5 in Earth Magic
  2595 | D        | Reached XP level 11. HP: 67/67 MP: 22/34
  2632 | D        | Noticed Urug
  2634 | D        | Killed Urug
  2634 | D        | Offered knowledge of Bolt of Cold by Vehumet.
  2802 | D        | Noticed Rupert
  2806 | D        | Killed Rupert
  2806 | D        | Reached skill level 18 in Spellcasting
  2879 | D        | Noticed a death yak
  2880 | D        | Noticed a death yak
  2883 | D        | Noticed a death yak
  2883 | D        | Killed a death yak
  2883 | D        | Offered knowledge of Freezing Cloud by Vehumet.
  2883 | D        | Killed a death yak
  2884 | D        | Noticed a death yak
  2886 | D        | Killed a death yak
  2886 | D        | Killed a death yak
  2898 | D        | Reached skill level 19 in Spellcasting
  2903 | D        | Noticed an azure jelly
  2903 | D        | Noticed an azure jelly
  3000 | D        | Reached XP level 12. HP: 74/74 MP: 34/37
  3037 | D        | Learned a level 6 spell: Freezing Cloud
  3037 | D        | Noticed Polyphemus
  3039 | D        | Offered knowledge of Orb of Destruction by Vehumet.
  3039 | D        | Reached skill level 10 in Short Blades
  3050 | D        | Killed Polyphemus
  3185 | D        | Noticed Ilsuiw
  3195 | D        | Killed Ilsuiw
  3240 | D        | Found Dugin's Distillery.
  3298 | D        | Found Fyrid's Antique Weapon Boutique.
  3299 | D        | Found Leill's Gadget Emporium.
  3300 | D        | Noticed a merfolk javelineer
  3302 | D        | Killed a merfolk javelineer
  3302 | D        | Offered knowledge of Iron Shot by Vehumet.
  3337 | D        | Got a barnacled rune of Zot
  3407 | D        | Noticed an azure jelly
  3407 | D        | Noticed an azure jelly
  3408 | D        | Noticed a dire elephant
  3408 | D        | Noticed a dire elephant
  3408 | D        | Noticed Gastronok
  3414 | D        | Killed a dire elephant
  3414 | D        | Killed Gastronok
  3414 | D        | Reached skill level 20 in Spellcasting
  3415 | D        | Killed a dire elephant
  3707 | D        | Noticed a seven-headed hydra
  3707 | D        | Noticed an eight-headed hydra
  3709 | D        | Killed a seven-headed hydra
  3713 | D        | Killed an eight-headed hydra
  3713 | D        | Offered knowledge of Glaciate by Vehumet.
  3713 | D        | Offered knowledge of Shatter by Vehumet.
  3713 | D        | Offered knowledge of Tornado by Vehumet.
  4112 | D        | Found a blossoming altar of Fedhas.
  4113 | D        | Reached XP level 13. HP: 80/80 MP: 33/39
  4156 | D        | Reached skill level 10 in Ice Magic
  4156 | D        | Reached skill level 5 in Air Magic
  4171 | D        | Engulfed by a death drake's foul pestilence

Vault maps used:
D:        dungeon_sprint_mu

Skill      XL: |  1  2  3  4  5  6  7  8  9 10 11 12 13 |
---------------+----------------------------------------+-----
Spellcasting   | 6 9 12 13 14 16 17 19 20 | 20.6
Conjurations   | 3 5 7 8 9 10 12 13 | 13.1
Fire Magic     | 4 6 7 8 9 10 11 12 13 | 13.4
Fighting       | 3 4 5 7 8 9 |  9.4
Short Blades   | 3 4 6 7 8 9 11 | 11.1
Armour         | 3 4 5 6 7 8 9 |  9.5
Dodging        | 5 6 7 9 10 11 13 | 13.1
Ice Magic      | 2 5 8 9 10 | 10.0
Earth Magic    | 1 5 7 9 |  9.5
Air Magic      | 4 5 |  5.0
Stealth        | |  2.4

Action                   |  1- 3 |  4- 6 |  7- 9 | 10-12 | 13-15 || total
-------------------------+-------+-------+-------+-------+-------++-------
Melee: Dagger            |       |       |     2 |   219 |     1 ||   222
 Cast: Flame Tongue      |    23 |     3 |    44 |    22 |       ||    92
       Conjure Flame     |     1 |       |     4 |     3 |       ||     8
       Throw Flame       |     1 |       |       |     1 |       ||     2
       Sticky Flame      |       |     4 |     9 |     6 |     1 ||    20
       Inner Flame       |       |       |     4 |     3 |       ||     7
       Searing Ray       |       |       |     5 |     3 |     1 ||     9
       Fireball          |       |       |     5 |       |     1 ||     6
       Stone Arrow       |       |       |     1 |     1 |     1 ||     3
       Bolt of Magma     |       |       |       |    15 |     4 ||    19
       Throw Icicle      |       |       |       |     4 |       ||     4
       Bolt of Fire      |       |       |       |    49 |       ||    49
       Freezing Cloud    |       |       |       |     1 |       ||     1
  Use: Potion            |     2 |       |       |     1 |     4 ||     7
 Stab: Sleeping          |       |       |       |     2 |     1 ||     3
  Eat: Royal jelly       |       |       |     1 |     3 |       ||     4
       Chunk             |       |       |     1 |     4 |       ||     5
Armor: Robe              |       |     1 |     2 |       |     1 ||     4
Dodge: Dodged            |     9 |     2 |    30 |    25 |     9 ||    75

Table legend:
 A = Spawn XP
 B = Non-spawn XP
 C = Spawn XP percentage of total XP
 D = Spawn monster count
 E = Non-spawn monster count
 F = Spawn count percentage of total count
 G = Total turns spent on level
                    A         B        C        D         E        F      G
               +---------+---------+-------+---------+---------+-------+---------
         Total |       0 |   39493 |   0.0 |       0 |     110 |   0.0 |  4171
               +---------+---------+-------+---------+---------+-------+---------
             D |       0 |   39493 |   0.0 |       0 |     110 |   0.0 |  4171
               +---------+---------+-------+---------+---------+-------+---------
